 Dungeon Crawl Stone Soup version 0.20.1-1-g8b1a95d (webtiles) character file.

107 Gremour the Slasher (level 4, 0/28 HPs)
             Began as a Gargoyle Fighter on Nov 21, 2017.
             Slain by a bat (1 damage)
             ... on level 3 of the Dungeon.
             The game lasted 00:08:56 (2242 turns).

Gremour the Slasher (Gargoyle Fighter)              Turns: 2242, Time: 00:08:57

Health: 0/28       AC:  9    Str: 20    XL:     4   Next: 85%
Magic:  4/4        EV:  8    Int:  8    God:
Gold:   137        SH:  9    Dex: 10    Spells: 3/3 levels left

rFire    + . .     SeeInvis .   w - -3 flail (curse)
rCold    + . .     Gourm    .   c - +0 shield
rNeg     + . .     Faith    .   t - +0 ring mail (curse)
rPois    ∞         Spirit   .   (no helmet)
rElec    +         Reflect  .   o - scarf {rC+ rF+}
rCorr    .         Harm     .   (no gloves)
MR       .....                  (no boots)
Stlth    ..........             (no amulet)
Regen    0.1/turn               (no ring)
MPRegen  0.1/turn               (no ring)

@: no status effects
A: negative energy resistance 1, electricity resistance, unbreathing,
petrification resistance, rot immunity, AC +3
a: no special abilities


You were on level 3 of the Dungeon.
You were hungry.

You visited 1 branch of the dungeon, and saw 3 of its levels.

You collected 137 gold pieces.

Inventory:

Hand Weapons
 a - a +0 long sword
 w - a cursed -3 flail (weapon)
Armour
 b - a +0 scale mail
 c - a +0 shield (worn)
 o - a scarf of resistance (worn)
 t - a cursed +0 ring mail (worn)
Wands
 s - a wand of digging (23/24)
Scrolls
 i - a scroll of recharging
 k - a scroll of fog
 m - a scroll of teleportation
Potions
 d - a potion of might
 j - 4 potions of lignification
 l - a potion of degeneration {unknown}
 n - 2 potions of curing
 q - a potion of agility {unknown}
 u - a potion of heal wounds {unknown}
Comestibles
 f - 4 bread rations
 g - a meat ration


   Skills:
 - Level 3.3 Fighting
 + Level 4.3 Long Blades
 - Level 3.4 Armour
 - Level 3.2 Shields


You had 3 spell levels left.
You didn't know any spells.

Dungeon Overview and Level Annotations

Branches:
Dungeon (3/15)

Altars:


Innate Abilities, Weirdness & Mutations

You are resistant to torment.
Your stone body is resilient. (AC +3)
You are immune to poison.
You resist negative energy. (rN+)
You are resistant to electric shocks. (rElec)
You can survive without breathing.
You are immune to petrification.
You are immune to rotting.


Message History

The orc wizard blinks!
Unknown command.
The orc completely misses you.
The orc wizard gestures wildly while chanting.
The orc wizard blinks!
The orc shouts!
An adder comes into view.
The adder hisses angrily.
The bat barely misses you. The bat hits you.
* * * LOW HITPOINT WARNING * * *
You block the bat's attack.
You hit the bat but do no damage. You block the bat's attack.
The orc barely misses you. The adder bites you but does no damage.
You block the orc's attack. The adder bites you but does no damage.
The bat hits you.
* * * LOW HITPOINT WARNING * * *
The orc closely misses you. The bat hits you.
You die...

#.........(.###....#<#
#...........#.....##.#
#................##..#
#...........##.###....
#...........##b#*#..##
#..........###.#*...#*
#...........##.#.....,
###...oS..............
#.<@..o...o%........
#...b...............
#...................
##..)....#..........
**#...............(..
**...........#.#......
**********,.#.....###.#........
*,,,,,,,,*.##..................
*,,,,,,,,,,,,,,,,,#.......##...


You could see an orc wizard, an adder, 2 orcs and a bat.

Vanquished Creatures
  Jessica (D:2)
  3 adders
  3 dart slugs
  3 leopard geckos
  4 bats
  7 giant cockroaches
  A goblin (D:3)
  4 hobgoblins
  3 jackals (D:3)
  A quokka (D:2)
  4 frilled lizards
  7 kobolds
  5 rats
46 creatures vanquished.

Notes
Turn   | Place    | Note
-------+----------+-------------------------------------------
     0 | D:1      | Gremour the Gargoyle Fighter began the quest for the Orb.
     0 | D:1      | Reached XP level 1. HP: 14/14 MP: 1/1
   105 | D:1      | Reached skill level 2 in Long Blades
   170 | D:1      | Reached XP level 2. HP: 15/19 MP: 2/2
   791 | D:2      | Noticed Jessica
   812 | D:2      | Killed Jessica
   812 | D:2      | Reached skill level 3 in Long Blades
   812 | D:2      | Reached XP level 3. HP: 16/23 MP: 3/3
  1276 | D:2      | Reached XP level 4. HP: 28/28 MP: 4/4
  1754 | D:3      | Reached skill level 4 in Long Blades
  2241 | D:3      | HP: 1/28 [bat (1)]
  2242 | D:3      | Slain by a bat

Skill      XL: |  1  2  3  4 |
---------------+-------------+-----
Long Blades    | 2 3 4 |  4.3
Fighting       | |  3.3
Armour         | |  3.4
Shields        | |  3.2

Action                   |  1- 3 |  4- 6 || total
-------------------------+-------+-------++-------
Melee: Long sword        |    94 |    54 ||   148
       Flail             |       |   103 ||   103
  Use: Scroll            |       |     8 ||     8
       Potion            |       |     1 ||     1
  Eat: Chunk             |     1 |     3 ||     4
Armor: Scale mail        |    38 |       ||    38
       Ring mail         |    11 |   104 ||   115
Dodge: Dodged            |    31 |    64 ||    95
Block: Shield            |    57 |   115 ||   172
       Rpst.: Long sword |     8 |     6 ||    14
